 Dungeon Crawl Stone Soup version 0.20.1-1-g8b1a95d (webtiles) character file.

2141 karf the Blocker (level 9, -11/81 HPs)
             Began as a Minotaur Fighter on Oct 28, 2017.
             Killed by divine providence
             ... invoked by an orc priest
              (14 damage)
             ... on level 6 of the Dungeon.
             The game lasted 00:09:56 (4205 turns).

karf the Blocker (Minotaur Fighter)                 Turns: 4205, Time: 00:09:56

Health: -11/81     AC: 10    Str: 21    XL:     9   Next: 9%
Magic:  8/8        EV:  8    Int:  5    God:
Gold:   262        SH: 11    Dex: 13    Spells: 8/8 levels left

rFire    . . .     SeeInvis .   a - +0 war axe
rCold    . . .     Gourm    .   c - +0 shield
rNeg     . . .     Faith    .   b - +0 scale mail
rPois    +         Spirit   .   (helmet restricted)
rElec    .         Reflect  .   v - +1 cloak {rPois}
rCorr    .         Harm     .   (no gloves)
MR       .....                  (no boots)
Stlth    ..........             (no amulet)
Regen    0.3/turn               (no ring)
MPRegen  0.2/turn               (no ring)

@: drained
A: retaliatory headbutt, horns 2
a: no special abilities


You were on level 6 of the Dungeon.
You were hungry.

You visited 1 branch of the dungeon, and saw 6 of its levels.

You collected 262 gold pieces.

Inventory:

Hand Weapons
 a - a +0 war axe (weapon)
Armour
 b - a +0 scale mail (worn)
 c - a +0 shield (worn)
 v - a +1 cloak of poison resistance (worn)
Jewellery
 p - an uncursed ring of poison resistance {unknown}
 A - an uncursed amulet of the gourmand {unknown}
 D - an uncursed amulet of regeneration {unknown}
Wands
 r - a wand of polymorph (12/24)
 y - a wand of flame (34/48)
 z - a wand of flame (16/48)
Scrolls
 d - 3 scrolls of identify {unknown}
 e - a scroll of noise {unknown}
 h - 3 scrolls of fog
 i - 3 scrolls of remove curse
 n - 2 scrolls of fear {unknown}
 q - 2 scrolls of enchant armour
 s - a scroll of random uselessness {unknown}
 u - 2 scrolls of blinking {unknown}
Potions
 j - a potion of berserk rage {unknown}
 k - a potion of agility {unknown}
 l - a potion of curing
 m - a potion of resistance {unknown}
 t - a potion of flight {unknown}
 w - a potion of magic {unknown}
 C - a potion of heal wounds {unknown}
Books
 x - a book of Maledictions

   Spells                             Type                      Level
   a - Corona                         Hexes                        1
   b - Ensorcelled Hibernation        Hexes/Ice                    2
   c - Confuse                        Hexes                        3
   d - Tukima's Dance                 Hexes                        3
   e - Dazzling Spray                 Conjuration/Hexes            3
Comestibles
 f - 9 bread rations
 g - 3 meat rations
 o - 4 royal jellies
 B - 4 fruits


   Skills:
 + Level 7.9(7.0) Fighting
 + Level 7.7(6.7) Axes
 + Level 8.1(7.1) Armour
 + Level 8.1(7.1) Shields


You had 8 spell levels left.
You didn't know any spells.

Dungeon Overview and Level Annotations

Branches:
Dungeon (6/15)
 Temple: D:4-7

Altars:
Vehumet


Innate Abilities, Weirdness & Mutations

You reflexively headbutt those who attack you in melee.
You have a pair of horns on your head.


Message History

* * * LOW HITPOINT WARNING * * *
Found a stone staircase leading down.
You see here 11 gold pieces.
As you read the scroll labeled IKKIBAY RIXOA, it crumbles to dust.
It is a scroll of enchant armour.
Your +0 cloak of poison resistance glows green for a moment.
The orc evokes its amulet.
The orc goes berserk!
The orc priest begins to cast a cantrip, but forgets the words!
The orc warrior hits you with a hand axe.
* * * LOW HITPOINT WARNING * * *
Okay, then.
As you read the scroll labeled XOL EMOOWIUD, it crumbles to dust.
You feel blessed for a moment.
It was a scroll of remove curse.
The orc priest looks satisfied for a moment.
You block the orc warrior's attack.
As you read the scroll labeled KUNNOA YJAC, it crumbles to dust.
The scroll dissolves into smoke.
It was a scroll of fog.
The orc priest invokes the aid of Beogh against you.
Beogh smites you!
You die...

#.# # #. #.# # #. ##.# #
#.. #..# ### #..#
##..####.. #..#
##..#.....# #.§##
##..##.#####
#§§§##+##..#........
#§§@oco.([...#......
#....§§###oo...###......
#....§. #..##### #......
#......#o.## #....>.
#...>o..o# #......
#........ #......
#.......# #......
...)a.#. #..#.## ...#.


You could see an orc warrior, a centaur, a worker ant, an orc priest and 3 orcs.

Vanquished Creatures
  Grinder (D:5)
  Sigmund (D:3)
  Eustachio (D:4)
  A hungry ghost (D:5)
  2 sky beasts (D:5)
  2 centaurs
  The ghost of Ymberto the Firebug, an amateur DEFE (D:4)
  The ghost of Ymberto the Firebug, an amateur DEFE (D:3)
  Blork the orc (D:5)
  2 scorpions (D:4)
  3 wights (D:6)
  2 crimson imps
  2 hounds (D:4)
  A jelly (D:5)
  Crazy Yiuf (D:3)
  A centaur skeleton (D:5)
  3 orc priests
  2 orc wizards
  Terence (D:3)
  3 iguanas (D:5)
  3 worker ants
  A hound skeleton (D:5)
  8 adders
  3 shadow imps
  An ooze (D:1)
  An adder zombie (D:5)
  2 worms
  3 dart slugs
  2 leopard geckos
  6 orcs
  5 ball pythons
  6 bats
  3 giant cockroaches
  7 goblins
  6 hobgoblins
  4 jackals (D:5)
  4 quokkas
  2 frilled lizards (D:1)
  9 kobolds
  A leopard gecko skeleton (D:5)
  6 rats
115 creatures vanquished.

Vanquished Creatures (others)
  An orc wizard (D:5)
1 creature vanquished.

Grand Total: 116 creatures vanquished

Notes
Turn   | Place    | Note
-------+----------+-------------------------------------------
     0 | D:1      | karf the Minotaur Fighter began the quest for the Orb.
     0 | D:1      | Reached XP level 1. HP: 19/19 MP: 0/0
    57 | D:1      | Reached XP level 2. HP: 27/27 MP: 1/1
   193 | D:1      | Reached XP level 3. HP: 31/33 MP: 2/2
  1083 | D:3      | Noticed Terence
  1089 | D:3      | Killed Terence
  1089 | D:3      | Reached XP level 4. HP: 35/40 MP: 3/3
  1187 | D:3      | Noticed Sigmund
  1195 | D:3      | Killed Sigmund
  1195 | D:3      | Reached skill level 5 in Armour
  1195 | D:3      | Reached XP level 5. HP: 18/47 MP: 4/4
  1258 | D:3      | Noticed Ymberto's ghost (amateur DEFE)
  1261 | D:3      | Killed Ymberto's ghost
  1261 | D:3      | Reached skill level 5 in Fighting
  1261 | D:3      | Reached skill level 5 in Shields
  1261 | D:3      | Reached XP level 6. HP: 33/56 MP: 5/5
  1593 | D:3      | Found a runed door.
  1597 | D:3      | Noticed Crazy Yiuf
  1602 | D:3      | Killed Crazy Yiuf
  2052 | D:4      | Reached skill level 5 in Axes
  2103 | D:4      | Noticed Ymberto's ghost (amateur DEFE)
  2105 | D:4      | Noticed Grinder
  2109 | D:4      | Noticed Blork the orc
  2113 | D:5      | Entered Level 5 of the Dungeon
  2120 | D:5      | Killed Blork the orc
  2120 | D:5      | Reached XP level 7. HP: 47/61 MP: 6/6
  2125 | D:5      | Killed Grinder
  2236 | D:4      | Killed Ymberto's ghost
  2500 | D:4      | Found a radiant altar of Vehumet.
  2710 | D:4      | Noticed Eustachio
  2720 | D:4      | Killed Eustachio
  2720 | D:4      | Reached XP level 8. HP: 61/71 MP: 7/7
  3668 | D:5      | Reached XP level 9. HP: 43/81 MP: 8/8
  4203 | D:6      | HP: 3/81 [orc warrior/hand axe (5)]
  4205 | D:6      | Killed from afar by an orc priest

Skill      XL: |  1  2  3  4  5  6  7  8  9 |
---------------+----------------------------+-----
Axes           | 3 4 5 6 7 |  7.7
Fighting       | 4 5 6 7 |  7.9
Armour         | 4 5 6 7 8 |  8.1
Shields        | 4 5 6 7 8 |  8.1

Action                   |  1- 3 |  4- 6 |  7- 9 || total
-------------------------+-------+-------+-------++-------
Melee: War axe           |   108 |    61 |   183 ||   352
       Headbutt          |     8 |    11 |    43 ||    62
  Use: Potion            |       |     2 |     1 ||     3
       Scroll            |       |       |     3 ||     3
  Eat: Chunk             |       |     4 |     7 ||    11
Armor: Scale mail        |    59 |    18 |    57 ||   134
Dodge: Dodged            |    38 |    19 |    53 ||   110
Block: Shield            |    67 |    36 |    95 ||   198
